 Dungeon Crawl Stone Soup version 0.31-a0-441-g867994ef1c (webtiles) character file.

Game seed: 1032731154368737712

72 jlumianski the Magician (level 4, -6/32 HPs)
             Began as a Djinni Fire Elementalist on Aug 3, 2023.
             Mangled by Terence
             ... wielding a +1 hand axe of electrocution
              (17 damage)
             ... on level 2 of the Dungeon.
             The game lasted 00:11:37 (2217 turns).

jlumianski the Magician (Djinni Fire Elementalist)  Turns: 2217, Time: 00:11:37

Health: -6/32      AC:  3    Str:  7    XL:     4   Next: 50%
Gold:   130        EV: 17    Int: 19    God:
                   SH:  0    Dex: 13

rFire   + + +        d - staff of fire
rCold   x . .        (no shield)
rNeg    . . .        a - +0 robe
rPois   ∞            (no helmet)
rElec   .            (no cloak)
rCorr   .            j - +0 pair of gloves
SInv    .            (boots unavailable)
Will    .....        (no amulet)
Stlth   ++           f - +5 ring of evasion
HPRegen 0.25/turn    (no ring)
MPRegen 0.00/turn

%: infuse magic (-7 HP)
@: flying, very slightly contaminated
A: sickness immunity, fire resistance 2, cold vulnerability 1, float, innate
caster, HP casting, extra vitality 1
a: no special abilities


You were on level 2 of the Dungeon.
You visited 1 branch of the dungeon, and saw 4 of its levels.

You collected 130 gold pieces.

Inventory:

Hand Weapons
 c - a +0 dagger
Armour
 a - a +0 robe (worn)
 j - a +0 pair of gloves (worn)
 k - a +0 leather armour
Magical Staves
 d - a staff of fire (weapon)
 e - a staff of poison
Jewellery
 f - a +5 ring of evasion (left hand)
Talismans
 n - a beast talisman
Scrolls
 h - a scroll of teleportation {unknown}
 i - a scroll of torment {unknown}
 l - a scroll of vulnerability {unknown}
 m - 2 scrolls of enchant armour {unknown}
Potions
 b - a potion of heal wounds
 g - 3 potions of curing


   Skills:
 * Level 1.5 Fighting
 + Level 3.0 Dodging
 + Level 2.2 Stealth
 * Level 3.3 Spellcasting
 * Level 3.3 Conjurations
 * Level 3.3 Hexes
 * Level 3.3 Summonings
 * Level 3.3 Necromancy
 * Level 3.3 Translocations
 * Level 3.3 Transmutations
 * Level 3.3 Fire Magic
 * Level 3.3 Ice Magic
 * Level 3.3 Air Magic
 * Level 3.3 Earth Magic
 * Level 3.3 Poison Magic


You knew the following spells:

 Your Spells              Type           Power      Damage    Failure   Level
a - Foxfire               Conj/Fire      92%        2x1d8     3%          1
b - Scorch                Fire           46%        2d6       6%          2
c - Volatile Blastmotes   Fire/Tloc      46%        2d13      12%         3
d - Inner Flame           Hex/Fire       23%        N/A       12%         3
e - Flame Wave            Conj/Fire      23%        2d8       36%         4
f - Shock                 Conj/Air       60%        1d6       3%          1
Your spell library was empty.

Dungeon Overview and Level Annotations

Branches:
Dungeon (4/15)
 Temple: D:4-7

Altars:

Shops:
D:3 (

Annotations:
D:2 Terence


Innate Abilities, Weirdness & Mutations

You are immune to sickness and miasma.
You are immune to poison.
Your flesh is very heat resistant. (rF++)
You are vulnerable to cold. (rC-)
You float through the air rather than walking.
You learn spells naturally, not from books.
Your magical power is your life essence.
You have superior vitality. (+4 MHP)


Message History

The spell is quite dangerous to miscast (12% risk of failure)!
Continue anyway?
You feel a surge of power!
A cloud of volatile blastmotes flares up around you!
Terence says, "Don't bother to defend, it's senseless."
Terence misses you.
The cloud of blastmotes explodes!
The concussive blast engulfs Terence!
Terence is heavily wounded.
The concussive blast engulfs you. You resist.
You are knocked back by the blast.
You hear a shout!
You see here a giant cockroach corpse.
Your magical contamination has completely faded away.
Terence asks, "Do you want it fast or slow?"
There is a stone staircase leading up here.
You fly upwards.
There is a stone staircase leading down here.
You start resting.
HP restored.
You fly downwards.
Level annotation: Terence Terence closely misses you.
There is a stone staircase leading up here.
Terence hits you with a +1 hand axe of electrocution!
You fly upwards.
There is a stone staircase leading down here.
Casting: Volatile Blastmotes (quite dangerous; 12% risk of failure)
Confirm with . or Enter, or press ? or * to list all spells.
The spell is quite dangerous to miscast (12% risk of failure)!
Continue anyway?
You feel a surge of power!
You miscast Volatile Blastmotes.
You are very lightly contaminated with residual magic.
Nothing appears to happen.
Terence completely misses you.
Casting: Volatile Blastmotes (quite dangerous; 12% risk of failure)
Confirm with . or Enter, or press ? or * to list all spells.
The spell is quite dangerous to miscast (12% risk of failure)!
Continue anyway?
You feel a surge of power!
A cloud of volatile blastmotes flares up around you!
Terence hits you with a +1 hand axe of electrocution!
You are electrocuted!
Ouch! That really hurt!
You die...

#.#.......####.####.#.###...#.#
..##......# #................###
...'......#######.#.#.##.........
#..#................#.##.#######.
#..#####'#.#####......##.# #.
...#.....#.# #.#######.# #.
#..#'#####.# #.# #.# #.
#).......#.# #@# #.# #.
.........#.# #@# #.# #.
.........#.# #.# #.#######.
...#'#####.# #.# #.#.......
...#.# #.# ###.#######.#.######
...#.# #.# #...........#.# .#.#.#
#.###.....#######.# ...#.#
#...'.....'.......#
...#.#########.....#########
...#........#########


You could see Terence.

Vanquished Creatures
  2 dart slugs
  An orc (D:3)
  6 bats
  3 endoplasms
  6 giant cockroaches
  4 goblins
  10 hobgoblins
  4 jackals
  9 ball pythons
  5 frilled lizards
  2 kobolds
  7 rats
59 creatures vanquished.

Vanquished Creatures (others)
  75 foxfires
75 creatures vanquished.

Grand Total: 134 creatures vanquished

Notes
Turn   | Place    | Note
-------+----------+-------------------------------------------
     0 | D:1      | jlumianski the Djinni Fire Elementalist began the quest for
                  | the Orb.
     0 | D:1      | jlumianski set off with the following spells memorised:
                  | Foxfire, Scorch, Volatile Blastmotes, Inner Flame, Flame
                  | Wave.
     0 | D:1      | Reached XP level 1. HP: 15/15 MP: 0/0
    56 | D:1      | Reached XP level 2. HP: 15/21 MP: 0/0
   242 | D:1      | Reached XP level 3. HP: 11/26 MP: 0/0
   242 | D:1      | Learned a level 1 spell: Shock
   699 | D:1      | Reached skill level 1 in Fighting
  1009 | D:2      | Reached XP level 4. HP: 31/32 MP: 0/0
  1974 | D:3      | Found Runoffoote's Antique Weapon Emporium.
  2138 | D:3      | Noticed Terence
  2217 | D:2      | Mangled by Terence

Illustrated notes

Levels and vault maps discovered:
D:1:      dpeg_arrival_rooms_b, layout_rooms, minmay_vboxes
D:2:      layout_basic, minmay_heptomino_d4
D:3:      layout_loops_ring, serial_rivers, chequers_serial_rivers_micro_c,
          chequers_serial_rivers_micro_c, chequers_serial_rivers_room_a,
          chequers_serial_rivers_small_b, serial_shops, shop, uniq_terence
D:4:      layout_loops_cross, nicolae_gozag_cash_rules_everything_around_me,
          nzn_wu_jian_contemplation, uniq_robin, uniq_eustachio

Skill      XL: |  1  2  3 |
---------------+----------+-----
Spellcasting   | |  3.3
Conjurations   | |  3.3
Hexes          | |  3.3
Summonings     | |  3.3
Necromancy     | |  3.3
Translocations | |  3.3
Transmutations | |  3.3
Fire Magic     | |  3.3
Ice Magic      | |  3.3
Air Magic      | |  3.3
Earth Magic    | |  3.3
Poison Magic   | |  3.3
Stealth        | 2 |  2.2
Fighting       | 1 |  1.5
Dodging        | 3 |  3.0

Action                     |  1- 3 |  4- 6 || total
---------------------------+-------+-------++-------
  Melee: Dagger            |     6 |       ||     6
         Staff             |       |     1 ||     1
   Cast: Foxfire           |    35 |     9 ||    44
         Scorch            |    15 |    15 ||    30
         Shock             |     1 |       ||     1
         Volatile Blastmot |       |     2 ||     2
    Use: Potion            |     1 |     1 ||     2
 Armour: Robe              |     4 |       ||     4
  Dodge: Dodged            |    41 |     6 ||    47

Table legend: (Time is in decaauts)
 A = Elapsed time spent in this place.
 B = Non-inter-level travel time spent in this place.
 C = Inter-level travel time spent in this place.
 D = Time resting spent in this place.
 E = Time spent auto-exploring this place.
 F = Levels seen in this place.
 G = Mean time per level.
                   A        B        C        D        E       F      G
               +--------+--------+--------+--------+--------+-----+--------+
         Total |   2219 |   2166 |     53 |    159 |   1434 |   4 |  554.8 |
       Dungeon |   2219 |   2166 |     53 |    159 |   1434 |   4 |  554.8 |
               +--------+--------+--------+--------+--------+-----+--------+

Top non-repeatable levels by time:
     D:2: 1092 daAuts
     D:1: 819 daAuts
     D:3: 289 daAuts
     D:4: 18 daAuts
